 Dungeon Crawl Stone Soup version 0.25-a0-246-g58704a1ebd (webtiles) character file.

Game seed: 13685486048936113293, levelgen mode: deterministic

245 RedPan the Chiller (level 5, -5/38 HPs)
             Began as a Draconian Ice Elementalist on Dec 3, 2019.
             Was a Follower of Cheibriados.
             Killed from afar by Sigmund (10 damage)
             ... with a puff of flame
             ... on level 4 of the Dungeon.
             The game lasted 00:05:37 (3523 turns).

RedPan the Chiller (Draconian Ice Elementalist)     Turns: 3523, Time: 00:05:37

Health: -5/38      AC:  7    Str: 12    XL:     5   Next: 83%
Magic:  4/10       EV: 18    Int: 19    God:    Cheibriados [*.....]
Gold:   165        SH:  0    Dex: 24    Spells: 6/11 levels left

rFire    . . .     SeeInvis .   i - +0 spear
rCold    . . .     Gourm    .   (no shield)
rNeg     . . .     Faith    .   (armour unavailable)
rPois    .         Spirit   .   (helmet restricted)
rElec    .         Reflect  .   (no cloak)
rCorr    .         Harm     .   p - +1 pair of gloves
MR       .....                  (no boots)
Stlth    ++++......             (no amulet)
HPRegen  0.12/turn              a - +4 ring of dexterity
MPRegen  0.12/turn              m - +2 ring of dexterity

@: agile, very slow
A: unfitting armour, cold-blooded, AC +5
a: Bend Time, Renounce Religion


You were on level 4 of the Dungeon.
You worshipped Cheibriados.
Cheibriados was aware of your devotion.
You were not hungry.

You visited 1 branch of the dungeon, and saw 4 of its levels.

You collected 165 gold pieces.

Inventory:

Hand Weapons
 g - a +0 whip
 i - a +0 spear (weapon)
Armour
 p - a +1 pair of gloves (worn)
Jewellery
 a - a +4 ring of dexterity (left hand)
 d - an uncursed ring of flight
 m - a +2 ring of dexterity (right hand)
Scrolls
 h - a scroll of fear
 j - 2 scrolls of remove curse
 l - a scroll of amnesia
Potions
 c - a potion of might
 e - a potion of agility
 k - 2 potions of brilliance
Comestibles
 b - 6 rations
 n - a chunk of flesh


   Skills:
 - Level 2.0 Dodging
 - Level 2.0 Stealth
 + Level 3.6 Spellcasting
 + Level 2.0 Summonings
 + Level 5.3 Ice Magic
 + Level 1.6 Invocations


You had 6 spell levels left.
You knew the following spells:

 Your Spells              Type           Power        Failure   Level  Hunger
a - Freeze                Ice            ###.         1%          1    None
b - Summon Ice Beast      Ice/Summ       ###.....     32%         4    ####...

Your spell library contained the following spells:

 Spells                   Type           Power        Failure   Level  Hunger
 Ozocubu's Armour         Chrm/Ice       ##......     14%         3    ###....
 Hailstorm                Conj/Ice       ##......     43%         4    ####...


Dungeon Overview and Level Annotations

Branches:
Dungeon (4/15)
 Temple: D:4-7

Altars:
Cheibriados
Elyvilon
Kikubaaqudgha
Nemelex Xobeh
Trog

Annotations:
D:4 Sigmund


Innate Abilities, Weirdness & Mutations

Your plain brown scales are hard. (AC +5)
You cannot fit into any form of body armour.
You are cold-blooded and may be slowed by cold attacks.


Message History

You hear a zap.
A puff of flame appears from out of thin air!
The puff of flame misses you.
Casting: Freeze (safe; 1% risk of failure)
Confirm with . or Enter, or press ? or * to list all spells.
Aiming: Freeze (safe; 1% risk of failure)
Press: ? - help, Shift-Dir - straight line You freeze something.
Something hits you!
* * * LOW HITPOINT WARNING * * *
Something burns you.
* * * LOW HITPOINT WARNING * * *
Casting: Freeze (safe; 1% risk of failure)
Confirm with . or Enter, or press ? or * to list all spells.
Aiming: Freeze (safe; 1% risk of failure)
Press: ? - help, Shift-Dir - straight line You freeze something.
You hear a zap.
A puff of flame appears from out of thin air!
The puff of flame hits you!
You die...

..... . .....
.. .... # ...
#.. ##.#
....#..#####..#
#......#....#
#........#
#...{@...##
#....###..##
#...# ##..##
#..# ##..##
#..# ##..##
#..# ##..# ..#
##.# .. ## #.##
.# +# #.#+
##..###


There were no monsters in sight!

Vanquished Creatures
  An orc priest (D:3)
  Natasha (D:3)
  Terence (D:3)
  3 worker ants
  2 adders
  2 oozes (D:3)
  A worm (D:2)
  A dart slug (D:2)
  2 leopard geckos
  4 orcs (D:3)
  4 bats
  5 giant cockroaches
  6 goblins
  7 hobgoblins
  4 frilled lizards
  13 kobolds
  11 rats
68 creatures vanquished.

Notes
Turn   | Place    | Note
-------+----------+-------------------------------------------
     0 | D:1      | RedPan the Draconian Ice Elementalist began the quest for
                  | the Orb.
     0 | D:1      | Reached XP level 1. HP: 14/14 MP: 3/3
   563 | D:1      | Reached XP level 2. HP: 14/20 MP: 0/5
  1131 | D:2      | Found a white marble altar of Elyvilon.
  1278 | D:2      | Found a faded altar of an unknown god.
  1369 | D:2      | Reached XP level 3. HP: 26/26 MP: 3/6
  1830 | D:2      | Noticed a moth of wrath
  1833 | D:2      | Found a bloodstained altar of Trog.
  2232 | D:3      | Reached XP level 4. HP: 31/33 MP: 2/8
  2248 | D:3      | Learned a level 4 spell: Summon Ice Beast
  2285 | D:3      | Found a snail-covered altar of Cheibriados.
  2285 | D:3      | Found a sparkling altar of Nemelex Xobeh.
  2285 | D:3      | Found an ancient bone altar of Kikubaaqudgha.
  2308 | D:3      | Reached skill level 5 in Ice Magic
  2317 | D:3      | HP: 1/33 [orc/cursed +0 hand axe (6)]
  2320 | D:3      | Reached skill level 1 in Summonings
  2558 | D:3      | Became a worshipper of Cheibriados the Contemplative
  2779 | D:3      | Noticed Terence
  2785 | D:3      | Killed Terence
  2785 | D:3      | Reached XP level 5. HP: 30/38 MP: 4/10
  2990 | D:3      | Reached skill level 1 in Invocations
  3270 | D:4      | Noticed Natasha
  3292 | D:3      | Killed Natasha
  3436 | D:4      | Reached * piety under Cheibriados
  3512 | D:4      | Noticed Sigmund
  3523 | D:4      | Killed from afar by Sigmund

Levels and vault maps discovered:
D:1:      nagdon_arrival_double_spiral, layout_basic, serial_corexii_hall,
          chequers_hall_statues_wall_a, corexii_hall_statues_x
D:2:      layout_loops_ring, lemuel_round_altar, first_ration,
          chequers_ecumenical_altar_island, tgw_trog
D:3:      layout_loops_ring, gammafunk_temple_overflow_claw, uniq_terence
D:4:      layout_layer_cave, serial_shops, shop, nemelex_spade_bored_becter,
          uniq_sigmund, uniq_natasha

Skill      XL: |  1  2  3  4  5 |
---------------+----------------+-----
Dodging        | 2 |  2.0
Stealth        | 2 |  2.0
Spellcasting   | 3 |  3.6
Ice Magic      | 5 |  5.3
Summonings     | 1 2 |  2.0
Invocations    | 1 |  1.6

Action                   |  1- 3 |  4- 6 || total
-------------------------+-------+-------++-------
Melee: Unarmed           |     9 |       ||     9
       Whip              |     6 |       ||     6
       Tailslap          |     1 |     4 ||     5
       Spear             |    27 |    55 ||    82
 Cast: Freeze            |    39 |    48 ||    87
  Use: Scroll            |     6 |     2 ||     8
       Potion            |       |     2 ||     2
 Stab: Sleeping          |     5 |     4 ||     9
  Eat: Chunk             |     5 |     4 ||     9
Armor: Skin              |    10 |    11 ||    21
Dodge: Dodged            |    30 |    42 ||    72

Table legend:
 A = Non-vault XP
 B = Vault XP
 C = Vault XP percentage of total XP
 D = Non-vault monster count
 E = Vault monster count
 F = Vault count percentage of total count
                 A         B        C        D         E       F
            +---------+---------+-------+---------+---------+-------
      Total |     269 |      81 |  23.1 |      61 |       7 |  10.3
            +---------+---------+-------+---------+---------+-------
        D:1 |      30 |       0 |   0.0 |      22 |       0 |   0.0
        D:2 |      33 |       9 |  21.4 |      11 |       5 |  31.2
        D:3 |     123 |      72 |  36.9 |      24 |       2 |   7.7
        D:4 |      83 |       0 |   0.0 |       4 |       0 |   0.0
            +---------+---------+-------+---------+---------+-------
